 Dungeon Crawl Stone Soup version 0.27.1 (webtiles) character file.

Game seed: 13709997742172368680

569 Descartes the Sneak (level 7, -4/32 HPs)
             Began as a Spriggan Wanderer on Aug 24, 2021.
             Slain by a mummy (17 damage)
             ... in an ossuary.
             The game lasted 00:16:53 (5078 turns).

Descartes the Sneak (Spriggan Wanderer)             Turns: 5078, Time: 00:16:53

Health: -4/32      AC:  2    Str:  8    XL:     7   Next: 11%
Magic:  14/14      EV: 17    Int: 15    God:
Gold:   96         SH:  0    Dex: 15    Spells: 6/14 levels left

rFire    . . .     SeeInvis +   a - +2 dagger
rCold    . . .     Faith    .   (shield restricted)
rNeg     + + .     Spirit   .   u - +0 robe {rN+}
rPois    .         Reflect  .   (helmet restricted)
rElec    .         Harm     .   (no cloak)
rCorr    .         Rampage  .   (gloves unavailable)
Will     +....                  (boots unavailable)
Stlth    +++.......             (no amulet)
HPRegen  0.10/turn              h - ring of positive energy
MPRegen  0.14/turn              (no ring)

@: very quick
A: very small, no large weapons, unfitting armour, see invisible, speed 3
a: no special abilities


You were in an ossuary.
You visited 1 branch of the dungeon, and saw 4 of its levels.
You also visited: Ossuary.

You collected 96 gold pieces.

Inventory:

Hand Weapons
 a - a +2 dagger (weapon)
 q - a +0 hunting sling
 r - a +4 club
Missiles
 e - 91 stones
 o - 13 poisoned darts
 s - 20 bolts
Armour
 c - a +0 robe
 u - a +0 robe of positive energy (worn)
Magical Staves
 f - a staff of cold
Jewellery
 h - a ring of positive energy (left hand)
Scrolls
 b - 3 scrolls of fear
 d - a scroll of immolation
 i - a scroll of enchant weapon {unknown}
 j - a scroll of vulnerability
 k - a scroll of amnesia
 l - 2 scrolls of teleportation {unknown}
Potions
 g - a potion of flight
 m - 2 potions of haste {unknown}
 n - 4 potions of brilliance {unknown}
 p - a potion of heal wounds {unknown}
 t - 2 potions of attraction {unknown}


   Skills:
 + Level 1.7(2.0) Slings
 - Level 1.0(1.3) Throwing
 + Level 2.9 Dodging
 + Level 5.8 Stealth
 - Level 4.0 Spellcasting
 - Level 2.4 Hexes
 + Level 4.4 Transmutations
 + Level 2.0 Earth Magic
 + Level 4.6 Poison Magic
 - Level 2.0 Evocations


You had 6 spell levels left.
You knew the following spells:

 Your Spells              Type           Power      Damage    Failure   Level
a - Sting                 Tmut/Pois      64%        1d6       2%          1
b - Passwall              Tmut/Erth      10%        N/A       8%          2
c - Wereblood             Tmut           16%        N/A       4%          2
d - Mephitic Cloud        Conj/Pois/Air  7%         N/A       28%         3

Your spell library contained the following spells:

 Spells                   Type           Power      Damage    Failure   Level
 Frozen Ramparts          Ice            6%         1d2       47%         3
 Ice Form                 Ice/Tmut       9%         N/A       58%         4
 Summon Ice Beast         Ice/Summ       3%         N/A       87%         4


Dungeon Overview and Level Annotations

Branches:
Dungeon (4/15)            Ossuary (1/1)
 Temple: D:4-7

Altars:

Annotations:
D:4 Natasha


Innate Abilities, Weirdness & Mutations

You are very small and have problems with some larger weapons.
You are too small for most types of armour.
You have supernaturally acute eyesight. (SInv)
You cover ground extremely quickly. (Speed+++)


Message History

The goblin zombie is almost destroyed.
The kobold zombie closely misses you.
You hit the goblin zombie.
You destroy the goblin zombie!
The kobold zombie barely misses you.
You barely miss the kobold zombie. You hit the kobold zombie.
The kobold zombie is heavily damaged.
The kobold zombie closely misses you.
You hit the kobold zombie but do no damage.
The kobold zombie is heavily damaged.
The kobold zombie hits you.
You hit the kobold zombie.
The kobold zombie is severely damaged.
The kobold zombie closely misses you.
You completely miss the kobold zombie.
The kobold zombie is severely damaged.
The kobold zombie hits you.
You hit the kobold zombie but do no damage.
The kobold zombie is severely damaged.
You completely miss the kobold zombie.
The kobold zombie is severely damaged.
The kobold zombie completely misses you.
You completely miss the kobold zombie.
The kobold zombie is severely damaged.
The kobold zombie closely misses you.
You closely miss the kobold zombie.
The kobold zombie is severely damaged.
The kobold zombie completely misses you.
You hit the kobold zombie.
You destroy the kobold zombie!
The kobold zombie completely misses you.
You hit the kobold zombie.
The kobold zombie is almost destroyed.
The kobold zombie barely misses you.
You hit the kobold zombie.
You destroy the kobold zombie!
The mummy hits you!
Ouch! That really hurt!
You die...

######################
#....................#
#....................#
#........8..8........#
#..............@M....#
#...######..######...#
#...#....#..#....#.Z.#
#...#.#..#..#..#.#Z..#
#...#.####..####.#...#
#...#............#Z..#
#...#.......####.#...#
#...#.......#..#.#Z..#
#...#.......#....#Z..#


You could see a mummy.

Vanquished Creatures
  Grinder (D:2)
  Sigmund (D:3)
  A centaur zombie (Ossuary)
  A mummy (Ossuary)
  Robin (D:3)
  4 gnolls (D:2)
  2 adders (D:3)
  2 adder zombies (Ossuary)
  3 worms (D:2)
  A dart slug (D:1)
  6 bats
  4 endoplasms
  3 giant cockroaches
  14 goblins
  7 hobgoblins
  5 jackals
  5 quokkas
  5 ball pythons
  4 frilled lizards (D:1)
  2 goblin zombies (Ossuary)
  8 hobgoblin zombies (Ossuary)
  2 jackal zombies (Ossuary)
  6 kobolds
  11 kobold zombies (Ossuary)
  6 orc zombies (Ossuary)
  5 rats
110 creatures vanquished.

Vanquished Creatures (others)
  5 plants (D:3)
5 creatures vanquished.

Grand Total: 115 creatures vanquished

Notes
Turn   | Place    | Note
-------+----------+-------------------------------------------
     0 | D:1      | Descartes the Spriggan Wanderer began the quest for the
                  | Orb.
     0 | D:1      | Descartes set off with the following items: a +2 dagger, a
                  | scroll of fear, a +0 robe; and the following spell
                  | memorised: Sting; and the following spells available to
                  | memorise: Passwall, Wereblood, Mephitic Cloud
     0 | D:1      | Reached XP level 1. HP: 9/9 MP: 6/6
   322 | D:1      | Reached skill level 2 in Stealth
   333 | D:1      | Reached skill level 1 in Transmutations
   508 | D:1      | Reached XP level 2. HP: 13/13 MP: 6/8
   753 | D:1      | Found a faded altar of an unknown god.
  1400 | D:2      | Reached skill level 3 in Stealth
  1415 | D:2      | Reached XP level 3. HP: 7/16 MP: 4/9
  2282 | D:2      | Reached XP level 4. HP: 21/21 MP: 3/11
  2317 | D:2      | Reached skill level 4 in Stealth
  2982 | D:2      | Learned a level 2 spell: Passwall
  2997 | D:3      | Noticed Grinder
  3025 | D:2      | Paralysed by Grinder for 3 turns
  3035 | D:2      | Killed Grinder
  3036 | D:2      | Reached skill level 1 in Dodging
  3036 | D:2      | Reached skill level 5 in Stealth
  3036 | D:2      | Reached skill level 1 in Earth Magic
  3036 | D:2      | Reached XP level 5. HP: 8/24 MP: 5/12
  3036 | D:2      | Reached XP level 6. HP: 10/28 MP: 5/13
  3323 | D:3      | Learned a level 2 spell: Wereblood
  3672 | D:3      | Noticed Robin
  3876 | D:3      | Killed Robin
  3925 | D:3      | Noticed Sigmund
  3945 | D:3      | Killed Sigmund
  3946 | D:3      | Reached skill level 1 in Slings
  4068 | D:3      | Learned a level 3 spell: Mephitic Cloud
  4646 | D:4      | Noticed Natasha
  4650 | D:4      | Found a sand-covered staircase.
  4657 | Ossuary  | Entered an ossuary
  4851 | Ossuary  | Reached XP level 7. HP: 15/32 MP: 12/14
  5078 | Ossuary  | Slain by a mummy

Illustrated notes

Levels and vault maps discovered:
D:1:      amcnicky_arrival_single_pillar, layout_loops_ring,
          chequers_ecumenical_altar_simple_redux, minmay_misc_feat_cross
D:2:      layout_basic
D:3:      layout_basic, serial_bayou_lagoon_b, uniq_sigmund, uniq_grinder,
          uniq_robin
D:4:      layout_cave_pools, kennysheep_orc_sif_temple,
          mainiacjoe_overflow_alcove_4, serial_column_ruins, column_ruins_hut,
          column_ruins_corridor_corner, column_ruins_corridor_plus,
          column_ruins_grid_2, column_ruins_open_small, column_ruins_open_tiny,
          column_ruins_grid_1, portal_sewer_entry_b, enter_ossuary_4,
          kennysheep_potato, uniq_natasha
Ossuary:  ossuary_tomb_1

Skill      XL: |  1  2  3  4  5  6  7 |
---------------+----------------------+-----
Stealth        | 2 3 5 |  5.8
Transmutations | 1 2 3 4 |  4.4
Dodging        | 1 2 |  2.9
Earth Magic    | 1 2 |  2.0
Poison Magic   | 4 |  4.6
Evocations     | 2 |  2.0
Slings         | 1 |  1.7
Throwing       | |  1.0
Spellcasting   | |  4.0
Hexes          | |  2.4

Action                   |  1- 3 |  4- 6 |  7- 9 || total
-------------------------+-------+-------+-------++-------
Melee: Dagger            |    11 |    88 |    64 ||   163
 Cast: Sting             |    64 |    86 |       ||   150
       Wereblood         |       |     5 |     3 ||     8
  Use: Scroll            |       |     3 |       ||     3
       Potion            |       |     1 |     3 ||     4
 Stab: Sleeping          |     1 |       |       ||     1
       Invisible         |       |     1 |       ||     1
Armor: Robe              |     4 |    26 |    16 ||    46
Dodge: Dodged            |    21 |   151 |   109 ||   281
